 Dungeon Crawl Stone Soup version 0.30-a0-782-ge64f9170bb (webtiles) character file.

Game seed: 13285592563202999548

126 jasper the Chopper (level 4, -2/37 HPs)
             Began as a Demonspawn Cinder Acolyte on Feb 18, 2023.
             Was a High Priest of Ignis.
             Killed by nerve-wracking pain
             ... invoked by an orc priest
              (4 damage)
             ... on level 3 of the Dungeon.
             The game lasted 00:04:09 (1513 turns).

jasper the Chopper (Demonspawn Cinder Acolyte)      Turns: 1513, Time: 00:04:10

Health: -2/37      AC:  8    Str: 14    XL:     4   Next: 83%
Magic:  5/5        EV: 10    Int: 17    God:    Ignis [*****.]
Gold:   111        SH:  0    Dex:  9    Spells: 5/5 levels left

rFire   + . .      SeeInvis .    l - +0 war axe
rCold   . . .      Faith    .    (no shield)
rNeg    . . .      Spirit   .    e - +0 ring mail
rPois   +          Reflect  .    (no helmet)
rElec   .          Harm     .    (no cloak)
rCorr   .          Rampage  .    (no gloves)
Will    .....                    f - +2 pair of boots Stlth
                                 (no amulet)
HPRegen 0.26/turn                h - ring of poison resistance
MPRegen 0.09/turn                (no ring)

@: mighty, attractive, flying
A: hooves 2
a: Renounce Religion, Fiery Armour, Foxfire Swarm, Rising Flame


You were on level 3 of the Dungeon.
You worshipped Ignis.
Ignis was extremely pleased with you.
You visited 1 branch of the dungeon, and saw 3 of its levels.

You collected 111 gold pieces.

Inventory:

Hand Weapons
 a - a -1 hand axe of flaming
 l - a +0 war axe (weapon)
Missiles
 g - 13 stones (quivered)
Armour
 b - a +0 robe
 e - a +0 ring mail (worn)
 f - a +2 pair of boots (worn)
Jewellery
 h - a ring of poison resistance (left hand)
Scrolls
 d - 2 scrolls of teleportation
 j - a scroll of amnesia


   Skills:
 + Level 4.0 Fighting
 * Level 4.4 Axes
 - Level 1.0 Spellcasting
 - Level 2.6 Fire Magic


You had 5 spell levels left.
You didn't know any spells.
Your spell library contained the following spells:

 Spells                   Type           Power      Damage    Failure   Level
 Scorch                   Fire           18%        2d5       22%         2
 Sting                    Tmut/Pois      0%         1d3       41%         1
 Poisonous Vapours        Pois/Air       0%         N/A       54%         2
 Olgreb's Toxic Radiance  Pois           0%         N/A       99%         4


Dungeon Overview and Level Annotations

Branches:
Dungeon (3/15)

Altars:


Innate Abilities, Weirdness & Mutations

You have hoof-like feet.


Message History

You take 3 damage, and have 20/37 hp.
You hit the orc.
You kill the orc!
The orc hits you with a +0 flail.
You take 3 damage, and have 17/37 hp.
You slash the orc!
You kill the orc!
The orc priest invokes the aid of Beogh against you.
Beogh smites you!
* * * LOW HITPOINT WARNING * * *
The orc priest is attracted toward you.
You take 13 damage, and have 4/37 hp.
MASSIVE DAMAGE!!
You closely miss the orc priest.
The orc priest hits you but does no damage.
You aren't carrying any potions.
Unknown command.
You hit the orc priest.
The orc priest is moderately wounded.
The orc priest hits you but does no damage.
You barely miss the orc priest.
The orc priest is moderately wounded.
The orc priest hits you but does no damage.
The orc priest hits you with a +0 club.
* * * LOW HITPOINT WARNING * * *
You take 1 damage, and have 3/37 hp.
You completely miss the orc priest.
The orc priest is moderately wounded.
The orc priest hits you with a +0 club.
* * * LOW HITPOINT WARNING * * *
You take 2 damage, and have 1/37 hp.
Okay, then.
You closely miss the orc priest.
The orc priest is moderately wounded.
The orc priest hits you but does no damage.
You closely miss the orc priest.
The orc priest is moderately wounded.
The orc priest hits you but does no damage.
The orc priest calls down the wrath of Beogh upon you.
Pain shoots through your body!
You die...

#.#####<.......########
...............'.......
#.#####........########
#.##....#####.##
#.##########..####
#.....#..........#
#.###.#.########.#
#.#...# #.# #.#.#####.#
#@# #.#.......# #o#
#.#.#####.# #.# ..#...#
#.# #####.# #..{.).#
#.....# ......###
..##### ##.... .....#
..... .....# .....


You could see an orc priest.

Vanquished Creatures
  An orc priest (D:3)
  An orc wizard (D:3)
  2 adders (D:2)
  A worm (D:2)
  A dart slug (D:1)
  4 orcs (D:3)
  6 ball pythons
  3 bats
  3 endoplasms
  3 goblins
  4 hobgoblins
  3 jackals (D:1)
  3 quokkas (D:2)
  8 kobolds
  A rat (D:2)
44 creatures vanquished.

Vanquished Creatures (others)
  7 plants (D:3)
7 creatures vanquished.

Grand Total: 51 creatures vanquished

Notes
Turn   | Place    | Note
-------+----------+-------------------------------------------
     0 | D:1      | jasper the Demonspawn Cinder Acolyte began the quest for
                  | the Orb.
     0 | D:1      | Reached XP level 1. HP: 18/18 MP: 2/2
   290 | D:1      | Gained mutation: You have large cloven feet. [demonic
                  | ancestry]
   290 | D:1      | Reached XP level 2. HP: 24/24 MP: 3/3
   780 | D:2      | Reached XP level 3. HP: 29/29 MP: 4/4
   830 | D:2      | Found a faded altar of an unknown god.
  1467 | D:3      | Gained mutation: You have hoof-like feet. [demonic
                  | ancestry]
  1467 | D:3      | Reached XP level 4. HP: 26/37 MP: 5/5
  1511 | D:3      | HP: 1/37 [orc priest/+0 club (2)]
  1513 | D:3      | Killed from afar by an orc priest

Illustrated notes

Levels and vault maps discovered:
D:1:      amcnicky_arrival_single_pillar, layout_rooms,
          minmay_misc_feat_more_columns
D:2:      layout_basic, hellmonk_ecumenical_altar_arch_garden
D:3:      layout_basic, lemuel_doored_altar, minmay_misc_feat_ornament,
          serial_bayou_lagoon_a

Skill      XL: |  1  2  3  4 |
---------------+-------------+-----
Axes           | 3 4 |  4.4
Fighting       | 4 |  4.0
Spellcasting   | |  1.0
Fire Magic     | |  2.6

Action                     |  1- 3 |  4- 6 || total
---------------------------+-------+-------++-------
  Melee: Hand axe          |   122 |       ||   122
         Punch             |     4 |       ||     4
         War axe           |    34 |    28 ||    62
  Throw: Stone             |    10 |       ||    10
    Use: Scroll            |     4 |       ||     4
         Potion            |       |     4 ||     4
 Armour: Ring mail         |    63 |    20 ||    83
         Robe              |     9 |       ||     9
  Dodge: Dodged            |    90 |     6 ||    96

Table legend: (Time is in decaauts)
 A = Elapsed time spent in this place.
 B = Non-inter-level travel time spent in this place.
 C = Inter-level travel time spent in this place.
 D = Time resting spent in this place.
 E = Time spent auto-exploring this place.
 F = Levels seen in this place.
 G = Mean time per level.
                   A        B        C        D        E       F      G
               +--------+--------+--------+--------+--------+-----+--------+
         Total |   1548 |   1487 |     61 |    157 |    838 |   3 |  516.0 |
       Dungeon |   1548 |   1487 |     61 |    157 |    838 |   3 |  516.0 |
               +--------+--------+--------+--------+--------+-----+--------+

Top non-repeatable levels by time:
     D:1: 778 daAuts
     D:2: 549 daAuts
     D:3: 219 daAuts
